 Dungeon Crawl Stone Soup version 0.19-a0-1021-g80cc50c (webtiles) character file.

1858 mrath the Digger (level 9, -13/47 HPs)
             Began as a Gargoyle Earth Elementalist on July 27, 2016.
             Was a Follower of Vehumet.
             Mangled by an orc warrior
             ... wielding a +0 mace
              (17 damage)
             ... on level 5 of the Dungeon.
             The game lasted 00:52:26 (10734 turns).

mrath the Digger (Gargoyle Earth Elementalist)     Turns: 10734, Time: 00:52:28

Health: -13/47     AC: 17    Str: 13    XL:     9   Next: 13%
Magic:  18/18      EV: 12    Int: 18    God:    Vehumet [*.....]
Gold:   274        SH:  0    Dex: 10    Spells: 3 memorised, 12 levels left

rFire  + . .     SeeInvis .     E - +2 flail (protect)
rCold  + . .     Gourm    .     m - +2 robe {rC+ rF+}
rNeg   + . .     Faith    .     (no shield)
rPois  ∞         Spirit   .     (no helmet)
rElec  +         Dismiss  .     (no cloak)
rCorr  .         Reflect  .     J - +0 pair of gloves
SustAt .         Harm     .     c - +0 pair of boots
MR     .....                    (no amulet)
Stlth  ++........               (no ring)
                                (no ring)

@: not resistant to hostile enchantments, unstealthy
A: negative energy resistance 1, electricity resistance, unbreathing,
petrification resistance, rot immunity, AC +5
a: Renounce Religion


You were on level 5 of the Dungeon.
You worshipped Vehumet.
Vehumet was aware of your devotion.
You were not hungry.

You visited 1 branch of the dungeon, and saw 6 of its levels.

You collected 274 gold pieces.

Inventory:

Hand Weapons
 w - a +0 mace of holy wrath
 E - a +2 flail of protection (weapon)
 H - a +0 quarterstaff
 M - a +0 morningstar
Missiles
 b - 166 stones
 g - 41 poisoned needles
 t - 3 throwing nets
 y - 7 tomahawks (quivered)
 A - 15 sling bullets
Armour
 c - a +0 pair of boots (worn)
 m - a +2 robe of resistance (worn)
 B - a +0 buckler
 J - a +0 pair of gloves (worn)
Wands
 F - a wand of random effects (3/48)
 R - a wand of slowing (23/48)
Scrolls
 a - 8 scrolls of remove curse
 f - 2 scrolls of magic mapping {unknown}
 j - a scroll of enchant weapon {unknown}
 l - 5 scrolls of identify
 o - 4 scrolls of teleportation
 p - 2 scrolls of enchant armour {unknown}
 s - a scroll of recharging {unknown}
 u - a scroll of immolation {unknown}
 v - 2 scrolls of noise {unknown}
 z - 2 scrolls of random uselessness {unknown}
 C - a scroll of blinking {unknown}
 G - a scroll of amnesia {unknown}
 N - a scroll of brand weapon {unknown}
Potions
 k - 4 potions of curing
 q - a potion of magic {unknown}
 r - 3 potions of heal wounds
 x - a potion of degeneration {unknown}
 D - a potion of brilliance {unknown}
 I - a potion of ambrosia {unknown}
 K - a potion of flight {unknown}
 L - a potion of agility {unknown}
 O - a potion of cure mutation {unknown}
 Q - a potion of haste {unknown}
Books
 e - a book of Geomancy

   Spells                             Type                      Level
   a - Sandblast                      Earth                        1
   b - Passwall                       Transmutation/Earth          2
   c - Stone Arrow                    Conjuration/Earth            3
   d - Petrify                        Transmutation/Earth          4
   e - Lee's Rapid Deconstruction     Earth                        5
Comestibles
 d - 4 bread rations
 h - 3 meat rations
 i - 2 royal jellies
 n - 2 beef jerkies


   Skills:
 + Level 1.5 Fighting
 + Level 2.3 Maces & Flails
 + Level 2.6 Armour
 + Level 2.5 Dodging
 - Level 2.1 Stealth
 + Level 2.5 Shields
 * Level 6.5 Spellcasting
 + Level 5.1 Conjurations
   Level 0.7 Transmutations
 + Level 7.3 Earth Magic
 + Level 1.4 Evocations


You had 12 spell levels left.
You knew the following spells:

 Your Spells              Type           Power        Failure   Level  Hunger
a - Sandblast             Erth           ####..       1%          1    None
b - Stone Arrow           Conj/Erth      ####..       2%          3    ##.....
c - Lee's Rapid Deconstr  Erth           ####......   21%         5    #####..


Dungeon Overview and Level Annotations

Branches:
Dungeon (6/15)
 Temple: D:4-7

Altars:
Cheibriados
Kikubaaqudgha
Makhleb
Qazlal
Trog
Vehumet
Zin


Innate Abilities, Weirdness & Mutations

You are resistant to torment.
Your stone body is resilient. (AC +5)
You are immune to poison.
You resist negative energy. (rN+)
You are resistant to electric shocks. (rElec)
You can survive without breathing.
You are immune to petrification.
You are immune to rotting.


Message History

You climb upwards.
There is a stone staircase leading down here.
The centaur closely misses you.
The centaur hits you but does no damage.
The centaur wields an uncursed shortbow.
The centaur shoots an arrow.
The arrow hits you!
* * * LOW HITPOINT WARNING * * *
You see here an arrow.
The centaur shoots an arrow.
The arrow barely misses you.
Evoke which item? (* to show all) (? for menu, Esc to quit)
Zapping:
F - a wand of random effects (will waste charges)
Press: ? - help, Shift-Dir - straight line, f - orc warrior
Aim: an orc warrior, wielding a mace and wearing a plate armour The mass of ice explodes!
The iceblast engulfs the orc warrior.
The orc warrior is lightly wounded.
The iceblast engulfs you! You partially resist.
* * * LOW HITPOINT WARNING * * *
Evoking this partially-identified wand wasted a few charges.
The orc warrior hits you with a mace!
You die...

#.# #.# #.# #.# #.#
###############.# ###### ######
#...............# #....###...[#
##.################>........)".
#.# #....(.@oc(.....###....#
#.#####.##########....###....#
#.#..........#.........##....#
#.#.###.####.#.###.....##)...#
#.#.#.#.#.<.....##.###.##....#
#.#.#.#.#..)....##.# #.##....#
##.#...#.#.......##.###.#######
#................##..........).
##.#.#.#.##.#.#.#######.#######


You could see an orc warrior and a centaur.

Vanquished Creatures
  A phantom (D:5)
  4 ogres
  3 giant frogs
  A gnoll sergeant (D:6)
  A scorpion (D:5)
  A giant frog zombie (D:5)
  A gnoll shaman (D:3)
  2 hounds
  An orc priest (D:5)
  4 orc wizards
  A giant frog skeleton (D:5)
  An iron imp (D:5)
  3 worker ants
  2 iguanas
  A worker ant zombie (D:6)
  43 gnolls
  7 adders
  A shadow imp (D:6)
  An ooze (D:1)
  An adder zombie (D:5)
  6 worms
  2 dart slugs (D:2)
  7 giant geckos
  13 orcs
  5 giant cockroaches
  6 goblins
  6 hobgoblins
  22 jackals
  A quokka (D:5)
  3 ball pythons
  9 bats
  A giant gecko zombie (D:5)
  6 giant newts
  12 kobolds
  A quokka skeleton (D:5)
  9 rats
189 creatures vanquished.

Notes
Turn   | Place    | Note
-------+----------+-------------------------------------------
     0 | D:1      | mrath the Gargoyle Earth Elementalist began the quest for the Orb.
     0 | D:1      | Reached XP level 1. HP: 10/10 MP: 3/3
   336 | D:1      | Reached XP level 2. HP: 12/15 MP: 0/5
   704 | D:1      | Reached skill level 4 in Earth Magic
   875 | D:1      | Reached XP level 3. HP: 19/19 MP: 7/7
  1242 | D:1      | Learned a level 3 spell: Stone Arrow
  1821 | D:2      | Reached XP level 4. HP: 17/24 MP: 1/8
  2063 | D:2      | Found a glowing silver altar of Zin.
  2447 | D:2      | Reached skill level 1 in Conjurations
  2627 | D:3      | Found a bloodstained altar of Trog.
  3314 | D:3      | Reached XP level 5. HP: 28/28 MP: 7/10
  3439 | D:3      | Reached skill level 5 in Earth Magic
  4083 | D:3      | Reached XP level 6. HP: 21/32 MP: 6/12
  5672 | D:3      | Learned a level 5 spell: Lee's Rapid Deconstruction
  5817 | D:3      | Reached XP level 7. HP: 36/36 MP: 4/14
  6006 | D:3      | Reached skill level 5 in Spellcasting
  6099 | D:3      | Reached skill level 6 in Earth Magic
  7006 | D:4      | Found a burning altar of Makhleb.
  7185 | D:4      | Found a radiant altar of Vehumet.
  7189 | D:4      | Became a worshipper of Vehumet
  7194 | D:4      | Found an ancient bone altar of Kikubaaqudgha.
  7199 | D:4      | Found a stormy altar of Qazlal.
  7391 | D:4      | Reached XP level 8. HP: 42/42 MP: 6/16
  7492 | D:4      | Reached skill level 1 in Armour
  7956 | D:4      | Reached skill level 1 in Shields
  8192 | D:5      | Entered Level 5 of the Dungeon
  8198 | D:5      | Reached skill level 1 in Maces & Flails
  8956 | D:5      | Reached skill level 7 in Earth Magic
  9164 | D:5      | Reached * piety under Vehumet
  9164 | D:5      | Offered knowledge of Sting by Vehumet.
  9265 | D:5      | Found a snail-covered altar of Cheibriados.
  9633 | D:6      | Reached skill level 1 in Fighting
  9633 | D:6      | Reached skill level 1 in Evocations
  9680 | D:5      | Reached skill level 5 in Conjurations
 10109 | D:5      | Reached XP level 9. HP: 47/47 MP: 14/18
 10734 | D:5      | Mangled by an orc warrior

Vault maps used:
D:1:      dpeg_cavernosity
D:2:      zin_scriptorium, minmay_misc_feat_cross
D:3:      lemuel_castle_with_subvaults, old_standard_altar
D:4:      bloody_makhleb, grunt_temple_overflow_diamond, first_bread
D:5:      slow_altar_1
D:6:      kennysheep_mini_moat, minmay_statues_item, sword_in_stone

Skill      XL: |  1  2  3  4  5  6  7  8 |
---------------+-------------------------+-----
Earth Magic    | 4 5 6 7 |  7.3
Spellcasting   | 3 4 5 6 |  6.5
Conjurations   | 1 2 3 4 5 |  5.1
Armour         | 2 |  2.6
Shields        | 2 |  2.5
Maces & Flails | 2 |  2.3
Dodging        | 2 |  2.5
Fighting       | 1 |  1.5
Evocations     | 1 |  1.4
Stealth        | |  2.1
Transmutations | |  0.7

Action                   |  1- 3 |  4- 6 |  7- 9 || total
-------------------------+-------+-------+-------++-------
Melee: Dagger            |    50 |       |       ||    50
       Short sword       |    10 |    58 |       ||    68
       Flail             |       |    89 |   126 ||   215
 Cast: Sandblast         |    61 |    98 |    11 ||   170
       Stone Arrow       |       |    17 |   110 ||   127
Evoke: Wand              |       |       |     1 ||     1
  Use: Scroll            |       |     2 |     3 ||     5
 Stab: Sleeping          |     2 |       |     1 ||     3
  Eat: Chunk             |     3 |    14 |    21 ||    38
Armor: Robe              |    34 |   104 |    84 ||   222
Dodge: Dodged            |    69 |   179 |   105 ||   353
